 Dungeon Crawl Stone Soup version 0.19.0-22-gd96e5fe (webtiles) character file.

343 smedtjen the Firebug (level 6, -1/36 HPs)
             Began as a High Elf Fire Elementalist on Nov 19, 2016.
             Was an Initiate of Vehumet.
             Slain by an ogre
             ... wielding a +0 giant spiked club
              (12 damage)
             ... on level 4 of the Dungeon.
             The game lasted 00:23:29 (5319 turns).

smedtjen the Firebug (High Elf Fire Elementalist)   Turns: 5319, Time: 00:23:30

Health: -1/36      AC:  5    Str:  7    XL:     6   Next: 31%
Magic:  6/13       EV: 12    Int: 21    God:    Vehumet [......]
Gold:   201        SH:  0    Dex: 16    Spells: 2 memorised, 10 levels left

rFire  . . .     SeeInvis +     n - +2 dagger (holy)
rCold  + . .     Gourm    .     j - +2 leather armour {rC+}
rNeg   + . .     Faith    .     (no shield)
rPois  +         Spirit   .     (no helmet)
rElec  .         Reflect  .     (no cloak)
rCorr  .         Harm     .     (no gloves)
MR     +++..     Clarity  +     (no boots)
Stlth  ++........               z - amulet of the Four Winds {rN+ MR+++ Clar}
                                p - ring of poison resistance
                                e - ring of see invisible

@: very slightly contaminated
A: no striking features
a: Renounce Religion


You were on level 4 of the Dungeon.
You worshipped Vehumet.
Vehumet was noncommittal.
You were not hungry.

You visited 1 branch of the dungeon, and saw 4 of its levels.

You collected 201 gold pieces.

Inventory:

Hand Weapons
 k - a +0 club
 l - a +0 spear
 n - a +2 dagger of holy wrath (weapon)
Missiles
 f - 30 bolts
 o - 28 poisoned needles
 A - 3 tomahawks (quivered)
Armour
 a - a +0 robe
 i - a +1 leather armour
 j - a +2 leather armour of cold resistance (worn)
Jewellery
 e - a ring of see invisible (left hand)
 p - a ring of poison resistance (right hand)
 y - a cursed -3 ring of slaying {unknown}
 z - the amulet of the Four Winds (around neck) {rN+ MR+++ Clar}
   (You found it on level 4 of the Dungeon)

   [amulet of nothing]

   It protects you from negative energy.
   It affects your resistance to hostile enchantments.
   It protects you against confusion.
Wands
 c - a wand of lightning (10/15)
 B - a wand of random effects (32/48)
Scrolls
 d - a scroll of enchant armour
 g - 2 scrolls of remove curse
 q - a scroll of amnesia
 r - a scroll of teleportation
 v - a scroll of fear
 w - 2 scrolls of fog
Potions
 h - 2 potions of flight {unknown}
 m - a potion of might {unknown}
 s - 2 potions of degeneration {unknown}
 t - a potion of curing
 C - 2 potions of cancellation {unknown}
 D - a potion of agility {unknown}
 E - a potion of invisibility {unknown}
Books
 b - a book of Flames

   Spells                             Type                      Level
   a - Flame Tongue                   Conjuration/Fire             1
   b - Throw Flame                    Conjuration/Fire             2
   c - Conjure Flame                  Conjuration/Fire             3
   d - Inner Flame                    Hexes/Fire                   3
   e - Sticky Flame                   Conjuration/Fire             4
   f - Fireball                       Conjuration/Fire             5
Comestibles
 u - 2 bread rations
 x - a meat ration


   Skills:
 + Level 1.6 Short Blades
 + Level 1.6 Armour
 + Level 2.9 Dodging
 + Level 3.1 Stealth
 + Level 4.1 Spellcasting
 + Level 2.7 Conjurations
 + Level 4.4 Fire Magic


You had 10 spell levels left.
You knew the following spells:

 Your Spells              Type           Power        Failure   Level  Hunger
a - Flame Tongue          Conj/Fire      ###..        4%          1    None
b - Throw Flame           Conj/Fire      ###...       8%          2    #......


Dungeon Overview and Level Annotations

Branches:
Dungeon (4/15)
 Temple: D:4-7

Altars:
Cheibriados
Gozag
Nemelex Xobeh
Ru
Vehumet


Message History

The ogre is heavily wounded.
Casting: Flame Tongue
Confirm with . or Enter, or press ? or * to list all spells.
Aiming: Flame Tongue
Press: ? - help, Shift-Dir - straight line, f/p - ogre
Aim: an ogre, wielding a giant spiked club (heavily wounded)
You miscast Flame Tongue.
You are very lightly contaminated with residual magic.
Nothing appears to happen.
The ogre hits you with a giant spiked club!!
Ouch! That really hurt!
Casting: Flame Tongue
Confirm with . or Enter, or press ? or * to list all spells.
Aiming: Flame Tongue
Press: ? - help, Shift-Dir - straight line, f/p - ogre
Aim: an ogre, wielding a giant spiked club (heavily wounded)
The flame tongue hits the ogre.
The ogre is severely wounded.
The ogre hits you with a giant spiked club!
You die...

#.# ####. #.#
.# #. #.# .# #.
#.# .# ##
#.#######.#####
#.##...........
#.##...........
#.##...........
#..'[..@O......
####...........
#...........
####+#+#####


You could see an ogre.

Vanquished Creatures
  Ijyb (D:3)
  An orc wizard (D:4)
  Natasha (thrice) (D:4)
  2 worker ants (D:4)
  Robin (D:4)
  A gnoll (D:1)
  A howler monkey skeleton (D:4)
  5 adders
  An ooze (D:3)
  2 dart slugs
  5 leopard geckos
  6 orcs
  6 bats
  5 giant cockroaches
  19 goblins
  5 hobgoblins
  2 jackals (D:3)
  6 kobolds
  5 frilled lizards
  7 rats
  A plant (D:1)
85 creatures vanquished.

Notes
Turn   | Place    | Note
-------+----------+-------------------------------------------
     0 | D:1      | smedtjen the High Elf Fire Elementalist began the quest for the Orb.
     0 | D:1      | Reached XP level 1. HP: 11/11 MP: 4/4
   536 | D:1      | Reached XP level 2. HP: 17/17 MP: 4/6
   540 | D:1      | Learned a level 2 spell: Throw Flame
   756 | D:1      | Reached XP level 3. HP: 16/21 MP: 5/7
  1765 | D:2      | Found a snail-covered altar of Cheibriados.
  2507 | D:2      | Reached XP level 4. HP: 27/27 MP: 2/9
  2934 | D:3      | Found a sacrificial altar of Ru.
  3326 | D:3      | Noticed Ijyb
  3335 | D:3      | Found a sparkling altar of Nemelex Xobeh.
  3359 | D:3      | Killed Ijyb
  3359 | D:3      | Reached skill level 1 in Short Blades
  3835 | D:3      | Reached XP level 5. HP: 31/31 MP: 3/11
  4200 | D:4      | Noticed Natasha
  4204 | D:4      | Killed Natasha
  4280 | D:4      | Reached skill level 1 in Armour
  4300 | D:4      | Noticed Natasha
  4468 | D:4      | Found an opulent altar of Gozag.
  4476 | D:4      | Killed Natasha
  4612 | D:4      | Noticed Natasha
  4616 | D:4      | Killed Natasha
  4616 | D:4      | Reached XP level 6. HP: 36/36 MP: 7/12
  4710 | D:4      | Noticed Robin
  4744 | D:4      | Killed Robin
  5056 | D:4      | Found a radiant altar of Vehumet.
  5093 | D:4      | Became a worshipper of Vehumet
  5319 | D:4      | Slain by an ogre

Skill      XL: |  1  2  3  4  5  6 |
---------------+-------------------+-----
Stealth        | 3 |  3.1
Spellcasting   | 3 4 |  4.1
Short Blades   | 1 |  1.6
Conjurations   | 2 |  2.7
Fire Magic     | 4 |  4.4
Armour         | 1 |  1.6
Dodging        | |  2.9

Action                   |  1- 3 |  4- 6 || total
-------------------------+-------+-------++-------
Melee: Unarmed           |     5 |       ||     5
       Dagger            |   149 |    74 ||   223
       Club              |     1 |       ||     1
 Cast: Flame Tongue      |    31 |    79 ||   110
       Throw Flame       |    16 |    27 ||    43
  Use: Scroll            |     8 |     3 ||    11
  Eat: Chunk             |     1 |     5 ||     6
       Bread ration      |     1 |       ||     1
       Pizza             |     1 |       ||     1
       Fruit             |       |     3 ||     3
       Beef jerky        |       |     1 ||     1
Armor: Robe              |    11 |       ||    11
       Leather armour    |    12 |    51 ||    63
Dodge: Dodged            |    45 |   118 ||   163
